 Dungeon Crawl Stone Soup version 0.29.1-1-gd02db6906a (webtiles) character file.

Game seed: 12090736637233816668

15 dave1331 the Trooper (level 2, -3/27 HPs)
             Began as a Hill Orc Fighter on Oct 6, 2022.
             Succumbed to a kobold's poison
             ... on level 1 of the Dungeon.
             The game lasted 00:00:44 (359 turns).

dave1331 the Trooper (Hill Orc Fighter)              Turns: 359, Time: 00:00:45

Health: -3/27      AC:  6    Str: 18    XL:     2   Next: 50%
Magic:  2/2        EV:  9    Int:  8    God:
Gold:   4          SH:  4    Dex: 10    Spells: 1/1 levels left

rFire   . . .      SeeInvis .   a - +0 war axe
rCold   . . .      Faith    .   c - +0 buckler
rNeg    . . .      Spirit   .   b - +0 scale mail
rPois   .          Reflect  .   (no helmet)
rElec   .          Harm     .   (no cloak)
rCorr   .          Rampage  .   (no gloves)
Will    .....                   (no boots)
Stlth   ..........              (no amulet)
HPRegen 0.09/turn               (no ring)
MPRegen 0.08/turn               (no ring)

@: lethally poisoned (-3 -> -34)
A: no striking features
a: no special abilities


You were on level 1 of the Dungeon.
You visited 1 branch of the dungeon, and saw 1 of its levels.

You collected 4 gold pieces.

Inventory:

Hand Weapons
 a - a +0 war axe (weapon)
Armour
 b - a +0 scale mail (worn)
 c - a +0 buckler (worn)
Potions
 d - a potion of might
 e - a potion of flight {unknown}
 f - a potion of attraction {unknown}
 g - a potion of lignification {unknown}


   Skills:
 + Level 4.0 Fighting
 + Level 3.0 Axes
 + Level 3.5 Armour
 + Level 3.5 Shields


You had one spell level left.
You didn't know any spells.
Your spell library was empty.

Dungeon Overview and Level Annotations

Branches:
Dungeon (1/15)

Altars:


Message History

The jackal bites you but does no damage.
The goblin shouts!
You hit the jackal.
The jackal is almost dead.
You block the jackal's attack. The jackal bites you.
You slash the jackal!
You kill the jackal!
Your Axes skill increases to level 3!
Found a fuming coppery potion.
You see here a jackal corpse.
A goblin is nearby!
Found a grey potion.
A goblin is nearby!
The goblin hits you but does no damage.
You closely miss the goblin. The goblin closely misses you.
You miss the goblin. The goblin hits you but does no damage.
You barely miss the goblin. The goblin completely misses you.
The goblin hits you but does no damage.
You closely miss the goblin. The goblin misses you.
You slash the goblin!
You kill the goblin!
Your Fighting skill increases to level 4!
You see here a +0 dagger.
You see here a jackal corpse.
You see here a jackal corpse.
You see here a jackal corpse.
f - a fuming coppery potion
g - a grey potion
There is an open door here.
A kobold comes into view. It is wielding a +1 whip of venom.
The kobold hits you with a +1 whip of venom.
You are poisoned.
You feel very sick.
The kobold hits you with a +1 whip of venom.
You are lethally poisoned!
You feel very sick.
The kobold hits you with a +1 whip of venom.
* * * LOW HITPOINT WARNING * * *
You are more poisoned.
You die...

####+###### ###
########.........# ....
.......#.........# ....
....##.#.........# ....
....+..'.......K@# ....
....##.#.........# ...... ....
.....#.##'#......... ....... ....
+#........'.................#....
.....#.##.#..................####
.#.....##.#####.##+##........#...
.#.....##.####...............#...
.#.....'.....................#...
.......##.#......................


You could see a kobold.

Vanquished Creatures
  An endoplasm (D:1)
  2 goblins (D:1)
  A hobgoblin (D:1)
  6 jackals (D:1)
  A ball python (D:1)
  A frilled lizard (D:1)
12 creatures vanquished.

Notes
Turn   | Place    | Note
-------+----------+-------------------------------------------
     0 | D:1      | dave1331 the Hill Orc Fighter began the quest for the Orb.
     0 | D:1      | Reached XP level 1. HP: 19/19 MP: 1/1
     9 | D:1      | Found a faded altar of an unknown god.
   159 | D:1      | Reached XP level 2. HP: 24/27 MP: 2/2
   189 | D:1      | Reached skill level 4 in Fighting
   359 | D:1      | Succumbed to a kobold's poison

Illustrated notes

Levels and vault maps discovered:
D:1:      ebering_trefoil_3fold, layout_basic,
          hellmonk_ecumenical_altar_pennies_from_heaven, minmay_misc_feat_rows

Skill      XL: |  1  2 |
---------------+-------+-----
Axes           | 3 |  3.0
Fighting       | 4 |  4.0
Armour         | |  3.5
Shields        | |  3.5

Action                   || total
-------------------------++-------
Melee: War axe           ||    27
Armor: Scale mail        ||    24
Dodge: Dodged            ||    16
Block: Buckler           ||     9
